 Dungeon Crawl Stone Soup version 0.27-a0-148-g9515ab555c (webtiles) character file.

Game seed: 3707036323620855350

283 timneilson the Covered (level 6, -6/38 HPs)
             Began as a Gargoyle Fighter on Jan 27, 2021.
             Mangled by Natasha (10 damage)
             ... on level 4 of the Dungeon.
             The game lasted 00:05:04 (2843 turns).

timneilson the Covered (Gargoyle Fighter)           Turns: 2843, Time: 00:05:05

Health: -6/38      AC:  0    Str: 21    XL:     6   Next: 28%
Magic:  6/6        EV: 13    Int:  9    God:
Gold:   162        SH:  0    Dex:  9    Spells: 5/5 levels left

rFire    . . .     SeeInvis .   (weapon currently unavailable)
rCold    . . .     Faith    .   (shield currently unavailable)
rNeg     + . .     Spirit   .   (armour currently unavailable)
rPois    ∞         Reflect  .   (helmet currently unavailable)
rElec    .         Harm     .   (cloak currently unavailable)
rCorr    .         Rampage  .   (gloves currently unavailable)
Will     .....                  (boots currently unavailable)
Stlth    +.........             (no amulet)
HPRegen  0.12/turn              (ring currently unavailable)
MPRegen  0.10/turn              (ring currently unavailable)

@: mighty, pig-form (expiring), very quick
A: small, negative energy resistance 1, petrification resistance, miasma
immunity, AC +4
a: no special abilities


You were on level 4 of the Dungeon.
You were a filthy swine.
You visited 1 branch of the dungeon, and saw 4 of its levels.

You collected 162 gold pieces.

Inventory:

Hand Weapons
 a - a +0 long sword (melded)
Armour
 b - a +0 scale mail (melded)
 c - a +0 kite shield (melded)
 g - a +0 helmet (melded)
 l - a cursed +0 plate armour
Wands
 q - a wand of digging (6)
Scrolls
 e - 2 scrolls of remove curse
 f - 2 scrolls of fog
 j - a scroll of fear
 m - a scroll of blinking
 n - a scroll of magic mapping
Potions
 d - 2 potions of might
 h - a potion of invisibility
 i - 2 potions of heal wounds
 k - a potion of degeneration {unknown}
 o - 2 potions of curing {unknown}


   Skills:
 + Level 4.1 Fighting
 * Level 3.3 Long Blades
 * Level 4.9 Armour
 * Level 4.9 Shields


You had 5 spell levels left.
You didn't know any spells.
Your spell library was empty.

Dungeon Overview and Level Annotations

Branches:
Dungeon (4/15)
 Temple: D:4-7

Altars:
Gozag
Sif Muna
Vehumet
Zin

Annotations:
D:4 Natasha, Robin


Innate Abilities, Weirdness & Mutations

You are resistant to torment.
((Your stone body is resilient. (AC +4)))
You are immune to poison.
You resist negative energy. (rN+)
((You are resistant to electric shocks. (rElec)))
((You can survive without breathing.))
You are immune to petrification.
You are immune to miasma.


Message History

Robin is almost dead.
Natasha casts a spell.
Unknown command.
You feel very mighty all of a sudden. Robin closely misses you.
Natasha claws you.
You completely miss Natasha. Robin closely misses you.
Natasha zaps a wand.
You resist with some effort.
You hit Natasha.
Natasha is lightly wounded.
Natasha claws you! Robin hits you with a +0 club.
* * * LOW HITPOINT WARNING * * *
You bite Natasha!
Natasha is severely wounded.
Your transformation is almost over.
Natasha zaps a wand.
Robin hits you with a +0 club.
* * * LOW HITPOINT WARNING * * *
You barely miss Natasha.
Natasha is severely wounded.
Natasha claws you!
You die...

#.#.......##
##..........#
............+
..........#
#.......# #.....#
#...# ##g## #h#
##h######
#.5.....#
##...###.#
#........#
###.##....†..##
.......<.........
###.##.#.....####
# #.##....#


You could see an iron imp (summoned), Robin and Natasha.

Vanquished Creatures
  A phantom (D:2)
  A hound (D:4)
  Jessica (D:2)
  Natasha (D:4)
  A hound skeleton (D:4)
  3 adders
  An ooze (D:3)
  2 dart slugs
  3 leopard geckos
  4 orcs (D:3)
  A giant cockroach (D:1)
  13 goblins
  10 hobgoblins
  A jackal (D:2)
  4 kobolds
  2 quokkas (D:2)
  7 bats
  4 frilled lizards
  6 rats
66 creatures vanquished.

Notes
Turn   | Place    | Note
-------+----------+-------------------------------------------
     0 | D:1      | timneilson the Gargoyle Fighter began the quest for the
                  | Orb.
     0 | D:1      | Reached XP level 1. HP: 14/14 MP: 1/1
   371 | D:1      | Reached XP level 2. HP: 19/19 MP: 2/2
   910 | D:2      | Reached XP level 3. HP: 23/23 MP: 3/3
   930 | D:2      | Noticed a phantom
   973 | D:2      | HP: 1/23 [phantom (4)]
   976 | D:2      | Killed a phantom
   977 | D:2      | Reached XP level 4. HP: 2/29 MP: 4/4
   977 | D:2      | Reached XP level 5. HP: 3/33 MP: 5/5
  1352 | D:2      | You fall into a shaft and drop 1 floor!
  1666 | D:2      | Noticed Jessica
  1668 | D:2      | Killed Jessica
  1750 | D:2      | Found a radiant altar of Vehumet.
  1979 | D:3      | Found a shimmering blue altar of Sif Muna.
  2310 | D:3      | Found an opulent altar of Gozag.
  2311 | D:3      | Found a glowing silver altar of Zin.
  2737 | D:4      | Reached XP level 6. HP: 33/38 MP: 6/6
  2782 | D:4      | Noticed Natasha
  2785 | D:4      | Noticed Robin
  2805 | D:4      | Killed Natasha
  2832 | D:4      | Noticed Natasha
  2843 | D:4      | Mangled by Natasha

Illustrated notes

Levels and vault maps discovered:
D:1:      lemuel_arrival_funnel, layout_rooms
D:2:      layout_loops_ring, kennysheep_crisscross, kennysheep_flooded_box,
          minmay_circle_x, uniq_jessica
D:3:      layout_loops_corners, grunt_temple_overflow_gold_and_silver,
          led_sif_book
D:4:      layout_loops_corners, gammafunk_temple_overflow_elements,
          serial_shops, nicolae_shop_competitors_out_of_business, uniq_natasha,
          uniq_robin, uniq_menkaure

Skill      XL: |  1  2  3  4  5 |
---------------+----------------+-----
Long Blades    | 2 3 |  3.3
Armour         | 4 |  4.9
Shields        | 4 |  4.9
Fighting       | 4 |  4.1

Action                   |  1- 3 |  4- 6 || total
-------------------------+-------+-------++-------
Melee: Long sword        |   132 |   168 ||   300
       Unarmed           |       |     8 ||     8
  Use: Scroll            |     2 |     7 ||     9
       Potion            |     1 |     2 ||     3
 Stab: Invisible         |     1 |       ||     1
Armor: Scale mail        |   130 |   124 ||   254
Dodge: Dodged            |    77 |    62 ||   139
Block: Kite shield       |   119 |   100 ||   219
       Rpst.: Long sword |    20 |    26 ||    46

Table legend: (Time is in decaauts)
 A = Elapsed time spent in this place.
 B = Non-inter-level travel time spent in this place.
 C = Inter-level travel time spent in this place.
 D = Time resting spent in this place.
 E = Time spent auto-exploring this place.
 F = Levels seen in this place.
 G = Mean time per level.
                   A        B        C        D        E       F      G
               +--------+--------+--------+--------+--------+-----+--------+
         Total |   2996 |   2921 |     75 |    558 |   1655 |   4 |  749.0 |
       Dungeon |   2996 |   2921 |     75 |    558 |   1655 |   4 |  749.0 |
               +--------+--------+--------+--------+--------+-----+--------+

Top non-repeatable levels by time:
     D:2: 1039 daAuts
     D:3: 1030 daAuts
     D:1: 769 daAuts
     D:4: 157 daAuts
